 Dungeon Crawl Stone Soup version 0.29-a0-813-g4a14ea37d6 (webtiles) character file.

Game seed: 10156573098067765016

3089 gobodom the Reanimator (level 9, -3/65 HPs)
             Began as a Demonspawn Necromancer on July 5, 2022.
             Slain by an orc warrior
             ... wielding a +0 war axe
              (21 damage)
             ... in a bailey.
             The game lasted 00:34:44 (8437 turns).

gobodom the Reanimator (Demonspawn Necromancer)     Turns: 8437, Time: 00:34:45

Health: -3/65      AC:  7    Str: 10    XL:     9   Next: 59%
Magic:  0/20       EV: 13    Int: 19    God:
Gold:   814        SH:  0    Dex: 20    Spells: 10/23 levels left

rFire   . . .      SeeInvis .   v - +5 dagger (drain)
rCold   . . .      Faith    .   (no shield)
rNeg    . . .      Spirit   .   k - +0 leather armour
rPois   +          Reflect  .   (no helmet)
rElec   .          Harm     .   n - +0 cloak
rCorr   .          Rampage  .   x - +0 pair of gloves
Will    .....                   (no boots)
Stlth   ++........              i - amulet of magic regeneration
HPRegen 0.20/turn               z - ring of poison resistance
MPRegen 0.57/turn               E - +6 ring of dexterity

@: animating dead, very slightly contaminated
A: rugged brown scales 2, ignite blood 2, spiny 1, weakness stinger 1
a: no special abilities


You were in a bailey.
You visited 1 branch of the dungeon, and saw 7 of its levels.
You also visited: Bailey.

You collected 814 gold pieces.

Inventory:

Hand Weapons
 v - a +5 dagger of draining (weapon)
 H - a +4 vorpal flail
Missiles
 c - 17 poisoned darts
 q - 22 boomerangs
 t - 9 curare-tipped darts
 G - 3 atropa-tipped darts
Armour
 a - a +0 robe
 k - a +0 leather armour (worn)
 l - the +1 plate armour "Zin Bip" {Int+2}
   (You found it on level 2 of the Dungeon)

   Int:       It affects your intelligence (+2).
 n - a +0 cloak (worn)
 x - a +0 pair of gloves (worn)
Jewellery
 i - an amulet of magic regeneration (around neck)
 y - a ring of fire
 z - a ring of poison resistance (left hand)
 E - a +6 ring of dexterity (right hand)
Wands
 u - a wand of acid (5)
 w - a wand of roots (12)
Scrolls
 d - a scroll of summoning
 f - a scroll of enchant armour {unknown}
 m - a scroll of fear {unknown}
 p - a scroll of acquirement {unknown}
 r - 2 scrolls of brand weapon {unknown}
 B - 2 scrolls of fog {unknown}
 C - 2 scrolls of amnesia {unknown}
 D - 2 scrolls of teleportation
 F - a scroll of identify
Potions
 b - a potion of magic
 e - a potion of haste {unknown}
 g - 2 potions of curing
 h - 2 potions of might
 j - 3 potions of mutation {unknown}
 o - a potion of berserk rage
 s - 3 potions of heal wounds {unknown}
 A - a potion of flight {unknown}


   Skills:
 + Level 2.5 Fighting
 + Level 3.2 Short Blades
 + Level 1.5 Polearms
 + Level 0.1 Throwing
 + Level 2.8 Armour
 + Level 3.4 Dodging
 + Level 2.5 Stealth
 + Level 0.1 Unarmed Combat
 + Level 7.7 Spellcasting
 + Level 9.6 Necromancy
 + Level 0.3 Evocations


You had 10 spell levels left.
You knew the following spells:

 Your Spells              Type           Power      Damage    Failure   Level
a - Necrotise             Necr           100%       1d9       1%          1
b - Vampiric Draining     Necr           44%        2d9       1%          3
c - Animate Dead          Necr           44%        N/A       2%          4
d - Agony                 Necr           44%        N/A       6%          5

Your spell library contained the following spells:

 Spells                   Type           Power      Damage    Failure   Level
 Static Discharge         Conj/Air       7%         3-4/arc   19%         2
 Lightning Bolt           Conj/Air       3%         1d15      98%         5
 Maxwell's Capacitive Co  Air            3%         ∞         100%        8


Dungeon Overview and Level Annotations

Branches:
Dungeon (7/15)             Bailey (1/1)
 Temple: D:4-7

Altars:
Cheibriados
Dithmenos
Fedhas
Kikubaaqudgha
Makhleb
Wu Jian


Innate Abilities, Weirdness & Mutations

You are mostly covered in rugged brown scales. (AC +2, +5% HP)
Your demonic aura often causes spilled blood to erupt in flames.
You are partially covered in sharp spines.
You have a small tail.


Message History

You feel life coursing into your body.
The orc warrior hits you with a +0 war axe!!
Casting: Vampiric Draining (safe; 1% risk of failure)
Confirm with . or Enter, or press ? or * to list all spells.
Aiming: Vampiric Draining (safe; 1% risk of failure)
Press: ? - help, Shift-Dir - straight line, f/p - orc warrior
Aim: an orc warrior, wielding a +0 war axe and wearing a +0 plate armour (heavily wounded, strong, very poisoned)
You draw life force from the orc warrior.
You feel life coursing into your body.
The orc warrior hits you with a +0 war axe!!
* * * LOW HITPOINT WARNING * * *
The kobold brigand hits you with a +0 war axe!
* * * LOW HITPOINT WARNING * * *
Casting: Vampiric Draining (safe; 1% risk of failure)
Confirm with . or Enter, or press ? or * to list all spells.
Aiming: Vampiric Draining (safe; 1% risk of failure)
Press: ? - help, Shift-Dir - straight line, f/p - orc warrior
Aim: an orc warrior, wielding a +0 war axe and wearing a +0 plate armour (severely wounded, strong, poisoned)
You draw life force from the orc warrior!
You kill the orc warrior!
You feel life coursing into your body.
The dead are walking!
Your life force feels restored.
Casting: Vampiric Draining (safe; 1% risk of failure)
Confirm with . or Enter, or press ? or * to list all spells.
Aiming: Vampiric Draining (safe; 1% risk of failure)
Press: ? - help, Shift-Dir - straight line, f - kobold brigand
Aim: a kobold brigand, wielding a +0 war axe and quivering curare-tipped darts (heavily wounded, poisoned, slow, ally target)
You draw life force from the kobold brigand!
You feel life coursing into your body.
Casting: Vampiric Draining (safe; 1% risk of failure)
Confirm with . or Enter, or press ? or * to list all spells.
Aiming: Vampiric Draining (safe; 1% risk of failure)
Press: ? - help, Shift-Dir - straight line, f/p - kobold brigand
Aim: a kobold brigand, wielding a +0 war axe and quivering curare-tipped darts (almost dead, poisoned, slow, ally target)
You draw life force from the kobold brigand!
You kill the kobold brigand!
You feel life coursing into your body.
The dead are walking!
The orc warrior attacks as you move away!
The orc warrior hits you with a +0 war axe!!
You die...

#.###≈≈.......≈≈###.#
#....≈≈.......≈≈....#
#####≈≈.......≈≈#####
##≈.......≈##
####'''#### ##.....##
#∩..)..∩# #...8Z..#
##.Z@o.## ###o###


KKo .oK.. ....... ....(.... .......(... ............. You could see an orc
knight (ally target), 3 orc warriors, 3 kobold brigands, a friendly kobold
brigand zombie and a friendly orc warrior zombie.

Vanquished Creatures
  Grinder (D:5)
  Prince Ribbit (D:5)
  Sigmund (D:3)
  Edmund (D:6)
  2 orc warriors (Bailey)
  A black bear (D:5)
  A sky beast (D:6)
  An ice beast (D:6)
  2 ogres
  A centaur (D:6)
  2 phantoms
  5 kobold brigands
  A gnoll sergeant (D:6)
  2 scorpions
  4 killer bees (D:7)
  A howler monkey (D:5)
  A gnoll bouda (D:4)
  A hound (D:6)
  5 orc priests
  Ijyb (D:3)
  4 iguanas (D:6)
  2 orc wizards
  Natasha (thrice) (D:3)
  A kobold zombie (D:6)
  12 adders
  6 gnolls
  A river rat (D:6)
  2 shadow imps
  2 ufetubi
  2 worms
  4 dart slugs
  23 orcs
  4 endoplasms
  4 giant cockroaches
  2 gnoll zombies (D:6)
  8 goblins
  10 hobgoblins
  16 kobolds
  2 quokkas
  7 ball pythons
  5 bats
  4 frilled lizards
  22 rats
181 creatures vanquished.

Vanquished Creatures (collateral kills)
  A hound (D:6)
  2 rats
3 creatures vanquished.

Vanquished Creatures (others)
  An ice beast zombie (D:6)
  A gnoll zombie (D:6)
  11 kobold zombies
  A withered plant (D:4)
14 creatures vanquished.

Grand Total: 198 creatures vanquished

Notes
Turn   | Place    | Note
-------+----------+-------------------------------------------
     0 | D:1      | gobodom the Demonspawn Necromancer began the quest for the
                  | Orb.
     0 | D:1      | Reached XP level 1. HP: 13/13 MP: 3/3
   423 | D:1      | Gained mutation: You have a small tail. [demonic ancestry]
   423 | D:1      | Reached XP level 2. HP: 14/19 MP: 5/5
   699 | D:1      | Reached skill level 5 in Necromancy
  1536 | D:2      | Reached XP level 3. HP: 20/24 MP: 1/6
  1635 | D:2      | Found a faded altar of an unknown god.
  1637 | D:2      | Identified the +1 plate armour "Zin Bip" {Int+2}
  2208 | D:2      | Reached XP level 4. HP: 30/30 MP: 8/8
  3020 | D:3      | Found a blossoming altar of Fedhas.
  3388 | D:3      | Gained mutation: You are partially covered in sharp spines.
                  | [demonic ancestry]
  3388 | D:3      | Reached XP level 5. HP: 31/35 MP: 1/10
  3557 | D:3      | Noticed Natasha
  3559 | D:3      | Killed Natasha
  3560 | D:3      | Reached skill level 1 in Polearms
  3625 | D:3      | Noticed Sigmund
  3641 | D:3      | Killed Sigmund
  3642 | D:3      | Reached skill level 1 in Armour
  3642 | D:3      | Reached skill level 6 in Necromancy
  3642 | D:3      | Gained mutation: You are partially covered in rugged brown
                  | scales. (AC +1, +3% HP) [demonic ancestry]
  3642 | D:3      | Reached XP level 6. HP: 31/43 MP: 6/12
  3886 | D:3      | Learned a level 3 spell: Vampiric Draining
  3909 | D:3      | Noticed Ijyb
  3914 | D:3      | Killed Ijyb
  4059 | D:3      | Noticed Natasha
  4066 | D:3      | Killed Natasha
  4227 | D:3      | Noticed Natasha
  4232 | D:3      | Killed Natasha
  4282 | D:4      | Found an ancient bone altar of Kikubaaqudgha.
  4357 | D:4      | Gained mutation: Your demonic aura sometimes causes spilled
                  | blood to erupt in flames. [demonic ancestry]
  4357 | D:4      | Reached XP level 7. HP: 22/48 MP: 0/14
  4672 | D:4      | Reached skill level 1 in Fighting
  4682 | D:4      | Reached skill level 1 in Short Blades
  4690 | D:4      | Reached skill level 5 in Spellcasting
  5008 | D:4      | Found a shadowy altar of Dithmenos.
  5011 | D:4      | Reached skill level 7 in Necromancy
  5225 | D:4      | Learned a level 4 spell: Animate Dead
  5414 | D:4      | Found an ornate altar of the Wu Jian Council.
  5602 | D:5      | Entered Level 5 of the Dungeon
  5602 | D:5      | Noticed Prince Ribbit
  5612 | D:5      | Killed Prince Ribbit
  5613 | D:5      | Gained mutation: You are mostly covered in rugged brown
                  | scales. (AC +2, +5% HP) [demonic ancestry]
  5613 | D:5      | Reached XP level 8. HP: 48/56 MP: 7/15
  5936 | D:5      | Noticed Grinder
  5954 | D:5      | Paralysed by Grinder for 3 turns
  5968 | D:5      | Killed Grinder
  6354 | D:5      | Reached skill level 8 in Necromancy
  7183 | D:6      | Noticed Edmund
  7190 | D:6      | Killed Edmund
  7199 | D:6      | Gained mutation: Your demonic aura often causes spilled
                  | blood to erupt in flames. [demonic ancestry]
  7199 | D:6      | Reached XP level 9. HP: 61/61 MP: 8/19
  7721 | D:6      | Found a burning altar of Makhleb.
  7721 | D:6      | Noticed an Executioner
  7729 | D:6      | Noticed a smoke demon
  7729 | D:6      | Noticed a hellwing
  7733 | D:6      | Reached skill level 9 in Necromancy
  7737 | D:6      | Found a snail-covered altar of Cheibriados.
  8251 | D:7      | Learned a level 5 spell: Agony
  8255 | D:7      | Found a flagged portal.
  8276 | Bailey   | Entered a bailey
  8427 | Bailey   | Noticed an orc knight
  8437 | Bailey   | Slain by an orc warrior

Illustrated notes

Levels and vault maps discovered:
D:1:      zelgadis_glass_arrival_small, layout_basic,
          minmay_misc_feat_four_crosses
D:2:      layout_loops_cross, shapermc_ecumenical_altar_petra
D:3:      layout_rooms, mainiacjoe_overflow_chevrons, grunt_ministairs_6,
          dreamdust_princess_corridor, minmay_rat_hole, uniq_ijyb, uniq_natasha,
          uniq_sigmund
D:4:      layout_basic, marbit_many_paths, pdpol_wu_jian_five_deadly_venoms,
          kiku_gazebo_garden_becter
D:5:      layout_loops_corners, uniq_prince_ribbit1, uniq_grinder
D:6:      layout_rooms, makhleb_altar_promises_db, amcnicky_altar_gilded,
          portal_sewer_entry_a, uniq_edmund
D:7:      layout_rooms, temple_pool_b, nicolae_ossuary_entry_monument,
          enter_bailey_2, uniq_duvessa
Bailey:   bailey_axe_3, bailey

Skill      XL: |  1  2  3  4  5  6  7  8  9 |
---------------+----------------------------+-----
Necromancy     | 5 6 7 8 9 |  9.6
Spellcasting   | 3 4 5 6 7 |  7.7
Polearms       | 1 |  1.5
Armour         | 1 2 |  2.8
Dodging        | 2 3 |  3.4
Stealth        | 2 |  2.5
Fighting       | 1 2 |  2.5
Short Blades   | 2 3 |  3.2
Throwing       | |  0.1
Unarmed Combat | |  0.1
Evocations     | |  0.3

Action                   |  1- 3 |  4- 6 |  7- 9 || total
-------------------------+-------+-------+-------++-------
Melee: Spear             |    45 |    54 |       ||    99
       Unarmed           |     4 |       |       ||     4
       Tailslap          |     4 |    11 |    24 ||    39
       Punch             |       |     1 |     1 ||     2
       Dagger            |       |    16 |   139 ||   155
Throw: Dart              |     2 |     2 |     2 ||     6
       Boomerang         |       |     2 |       ||     2
 Cast: Necrotise         |    36 |    81 |    61 ||   178
       Vampiric Draining |       |     2 |    44 ||    46
       Animate Dead      |       |       |     6 ||     6
       Agony             |       |       |     1 ||     1
Evoke: Wand              |       |       |     3 ||     3
  Use: Potion            |     1 |     2 |       ||     3
       Scroll            |       |     2 |     3 ||     5
 Stab: Distracted        |       |       |     1 ||     1
       Sleeping          |       |       |     1 ||     1
Armor: Robe              |     2 |       |       ||     2
       Plate armour      |    31 |       |       ||    31
       Leather armour    |       |    21 |    54 ||    75
Dodge: Dodged            |    15 |    47 |   106 ||   168

Table legend: (Time is in decaauts)
 A = Elapsed time spent in this place.
 B = Non-inter-level travel time spent in this place.
 C = Inter-level travel time spent in this place.
 D = Time resting spent in this place.
 E = Time spent auto-exploring this place.
 F = Levels seen in this place.
 G = Mean time per level.
                   A        B        C        D        E       F      G
               +--------+--------+--------+--------+--------+-----+--------+
         Total |   8432 |   8128 |    304 |    318 |   6247 |   8 | 1054.0 |
       Dungeon |   8268 |   7964 |    304 |    314 |   6247 |   7 | 1181.1 |
        Bailey |    163 |    163 |      0 |      4 |      0 |   1 |  163.0 |
               +--------+--------+--------+--------+--------+-----+--------+

Top non-repeatable levels by time:
     D:2: 1743 daAuts
     D:5: 1392 daAuts
     D:1: 1384 daAuts
     D:4: 1342 daAuts
     D:3: 1136 daAuts
     D:6: 1096 daAuts
     D:7: 173 daAuts
  Bailey: 163 daAuts
